 Dungeon Crawl Stone Soup version 0.28-a0-1087-gf3fc490d9d (webtiles) character file.

Game seed: 4189551906179862544

0 spiderkeys the Ducker (level 1, -10/10 HPs)
             Began as a Felid Abyssal Knight on Dec 10, 2021.
             Was a Follower of Lugonu.
             Killed from afar by a hellion (15 damage)
             ... with damnation
             ... on level 2 of the Abyss.
             The game lasted 00:00:31 (359 turns).

spiderkeys the Ducker (Felid Abyssal Knight)         Turns: 359, Time: 00:00:31

Health: -10/10     AC:  1    Str:  9    XL:     1   Next: 0%
Magic:  3/3        EV: 18    Int: 11    God:    Lugonu [*.....]
Gold:   9          SH:  0    Dex: 16    Spells: 0/0 levels left
                                        Lives:  0   Deaths: 0

rFire   . . .      SeeInvis +     - Unarmed
rCold   . . .      Faith    .   (shield unavailable)
rNeg    . . .      Spirit   .   (armour unavailable)
rPois   .          Reflect  .   (helmet unavailable)
rElec   .          Harm     .   (cloak unavailable)
rCorr   .          Rampage  .   (gloves unavailable)
Will    .....                   (boots unavailable)
Stlth   +.........              (no amulet)
HPRegen 0.03/turn               (no ring)
MPRegen 0.08/turn               (no ring)

@: quick
A: very small, claws 1, fangs 3, see invisible, speed 1, shaggy fur 1, stealthy
paws, no weapons or thrown items, no armour, multi-lived
a: Renounce Religion, Depart the Abyss


You were on level 2 of the Abyss.
You worshipped Lugonu.
Lugonu was aware of your devotion.
You visited 0 branches of the dungeon, and saw 0 of its levels.
You visited the Abyss 1 time.

You collected 9 gold pieces.


Innate Abilities, Weirdness & Mutations

You have sharp claws.
You have razor-sharp teeth.
You have supernaturally acute eyesight. (SInv)
You cover ground quickly. (Speed+)
You are covered in fur. (AC +1)
Your paws help you pounce on unaware monsters.
You are incapable of wielding weapons or throwing items.
You cannot wear armour.
You gain extra lives every three experience levels.


   Skills:
 + Level 3.0 Fighting
 + Level 3.2 Dodging
 + Level 2.0 Unarmed Combat
 + Level 1.7 Invocations


You couldn't memorise any spells.
You didn't know any spells.
Your spell library was empty.

Inventory:

Scrolls
 a - a scroll of summoning {unknown}

Dungeon Overview and Level Annotations

Branches:
Dungeon (0/15)

Altars:

###...
.....#.#..# ...#
#.........# ##
##...#...#.
#.(..#...#.
####X##.# ...
#....#.#.#..#
##.#.#.#...## #
.#...##..# .
...!#$.@..#
.....#....##...#
. ##..#..#.# ##
.. #2#.#...#
....##...# .2..#
#.... ..#. .#.#.
# . ..##


You could see a large abomination and a hellion.


Message History

🤖 Initializing magus.rc ... ✅ Successfully initialized magus.rc [v1.9.10] Welcome, spiderkeys the Felid Abyssal Knight.
They say the Orb of Zot lies within this dungeon, but they say a lot of things.
Lugonu says: Depart the Abyss and spread corruption, my servant! (use the ability menu to exit the Abyss) Press ? for a list of commands and other information.
Found a corrupted altar of Lugonu.
There is a corrupted altar of Lugonu here.
Found a corrupted altar of Lugonu.
Unknown command.
a - a scroll labelled NEVVARGH APULOU Unknown command.
Found a gateway leading out of the Abyss.
There is a corrupted altar of Lugonu here.
There is a corrupted altar of Lugonu here.
Found a gateway leading deeper into the Abyss.
You now have 9 gold pieces.
A tentacled starspawn comes into view.
You see here a scroll labelled WUGAQA VIRATH.
As you read the scroll labelled WUGAQA VIRATH, it crumbles to dust.
Magic quickly surges around you.
It was a scroll of vulnerability.
Tentacles burst from the starspawn's body! 2 starspawn tentacles come into view.
You scratch the starspawn tentacle. The starspawn tentacle grabs you.
The starspawn tentacle constricts you. 😮 HP[-3]
You take 3 damage, and now have 7/10 hp.
MASSIVE DAMAGE!! (PAUSE)
You escape the starspawn tentacle's grasp.
The starspawn tentacle closely misses you.
The starspawn tentacle misses you.
Tentacles burst from the starspawn's body! 2 starspawn tentacles come into view.
The starspawn tentacle grabs you. The starspawn tentacle constricts you.
* * * LOW HITPOINT WARNING * * *
😨 HP[-3]
You take 3 damage, and now have 4/10 hp.
MASSIVE DAMAGE!! (PAUSE)
You escape the starspawn tentacle's grasp.
The starspawn tentacle closely misses you. 😨 HP[+1]
There is a gateway leading deeper into the Abyss here.
You plunge deeper into the Abyss.
Found a corrupted altar of Lugonu.
A large abomination comes into view.
Found a gateway leading deeper into the Abyss.
You feel your willpower return.
A hellion comes into view.
The hellion gives a hideous shriek!
There is a gateway leading deeper into the Abyss, spattered with blood here.
The hellion gestures at you.
The sphere of damnation explodes!
The damnation engulfs you!
Ouch! That really hurt!
You die...

Action                   || total
-------------------------++-------
Melee: Unarmed           ||     1
  Use: Scroll            ||     1
Dodge: Dodged            ||     3

Levels and vault maps discovered:
Abyss:2:  base: Temple, minivault_25

Notes
Turn   | Place    | Note
-------+----------+-------------------------------------------
     0 | Abyss:1  | spiderkeys the Felid Abyssal Knight began the quest for the
                  | Orb.
     0 | Abyss:1  | Reached XP level 1. HP: 10/10 MP: 3/3
     0 | Abyss:1  | magus.rc [v1.9.10]
     9 | Abyss:1  | Found a corrupted altar of Lugonu.
    63 | Abyss:1  | Found a corrupted altar of Lugonu.
   313 | Abyss:1  | Noticed a tentacled starspawn
   335 | Abyss:2  | Found a corrupted altar of Lugonu.
   350 | Abyss:2  | Noticed a large abomination
   356 | Abyss:2  | Noticed a hellion
   359 | Abyss:2  | Killed from afar by a hellion

Vanquished Creatures (others)
  4 starspawn tentacles (Abyss:1)
4 creatures vanquished.

Table legend:
 A = Non-vault XP
 B = Vault XP
 C = Vault XP percentage of total XP
 D = Non-vault monster count
 E = Vault monster count
 F = Vault count percentage of total count
                 A         B        C        D         E       F
            +---------+---------+-------+---------+---------+-------
      Total |       0 |       0 |   N/A |       0 |       0 |  -nan
            +---------+---------+-------+---------+---------+-------
            +---------+---------+-------+---------+---------+-------

Illustrated notes

Table legend: (Time is in decaauts)
 A = Elapsed time spent in this place.
 B = Non-inter-level travel time spent in this place.
 C = Inter-level travel time spent in this place.
 D = Time resting spent in this place.
 E = Time spent auto-exploring this place.
 F = Levels seen in this place.
 G = Mean time per level.
                   A        B        C        D        E       F      G
               +--------+--------+--------+--------+--------+-----+--------+
         Total |    288 |    288 |      0 |      0 |    243 |   2 |  144.0 |
         Abyss |    288 |    288 |      0 |      0 |    243 |   2 |  144.0 |
               +--------+--------+--------+--------+--------+-----+--------+

Top non-repeatable levels by time:
 Abyss:1: 268 daAuts
 Abyss:2: 19 daAuts
